 Dungeon Crawl Stone Soup version 0.30-a0-586-g23e55c9e0a (webtiles) character file.

Game seed: 14710602457245881341

1521 vineage the Fighter (level 8, -8/56 HPs)
             Began as a Gargoyle Fighter on Jan 3, 2023.
             Mangled by an iguana (9 damage)
             ... on level 6 of the Dungeon.
             The game lasted 00:05:29 (5593 turns).

vineage the Fighter (Gargoyle Fighter)              Turns: 5593, Time: 00:05:30

Health: -8/56      AC: 21    Str: 22    XL:     8   Next: 84%
Magic:  8/8        EV:  2    Int:  9    God:
Gold:   308        SH:  4    Dex:  9    Spells: 7/7 levels left

rFire   + . .      SeeInvis .    t - +2 mace (heavy)
rCold   + . .      Faith    .    c - +0 buckler
rNeg    + . .      Spirit   .    e - +1 gold dragon scales
rPois   ∞          Reflect  .    o - +0 helmet
rElec   +          Harm     .    (no cloak)
rCorr   .          Rampage  .    (no gloves)
Will    .....                    (no boots) Stlth
                                 (no amulet)
HPRegen 0.29/turn                (no ring)
MPRegen 0.11/turn                (no ring)

@: mighty, about to teleport
A: sickness immunity, AC +5, negative energy resistance 1, electricity
resistance, torment resistance 1, petrification resistance
a: no special abilities


You were on level 6 of the Dungeon.
You visited 2 branches of the dungeon, and saw 7 of its levels.

You collected 308 gold pieces.

Inventory:

Hand Weapons
 a - a +1 flail
 t - a +2 heavy mace (weapon)
Armour
 c - a +0 buckler (worn)
 e - +1 gold dragon scales (worn)
 o - a +0 helmet (worn)
Jewellery
 r - a ring of positive energy
Wands
 q - a wand of iceblast (8)
Scrolls
 b - a scroll of torment {unknown}
 i - a scroll of teleportation
 m - 3 scrolls of identify
 n - 2 scrolls of fog {unknown}
 s - a scroll of magic mapping {unknown}
 u - a scroll of blinking
Potions
 g - 5 potions of curing
 h - 2 potions of lignification {unknown}
 j - a potion of cancellation {unknown}
 k - a potion of invisibility {unknown}
 l - 2 potions of heal wounds {unknown}
 p - a potion of magic {unknown}
 v - a potion of mutation {unknown}


   Skills:
 * Level 9.0 Fighting
 * Level 7.9 Maces & Flails
 - Level 3.2 Armour
 - Level 3.2 Shields


You had 7 spell levels left.
You didn't know any spells.
Your spell library contained the following spells:

 Spells                   Type           Power      Damage    Failure   Level
 Sandblast                Erth           0%         2d4       100%        1
 Ensorcelled Hibernation  Hex/Ice        0%         N/A       100%        2
 Passwall                 Tmut/Erth      0%         N/A       100%        2
 Kindle Blastsparks       Fire/Tloc/Air  0%         2d10      100%        3
 Spider Form              Tmut/Pois      0%         N/A       100%        3
 Stone Arrow              Conj/Erth      0%         3d7       100%        3
 Anguish                  Hex/Necr       0%         N/A       100%        4
 Fulminant Prism          Conj/Hex       0%         3d5       100%        4
 Iskenderun's Mystic Bla  Conj/Tloc      0%         2d3       100%        4
 Lee's Rapid Deconstruct  Erth           0%         3d4*      100%        5


Dungeon Overview and Level Annotations

Branches:
Dungeon (6/15)             Temple (1/1) D:4

Altars:
Ashenzari
Cheibriados
Elyvilon
Fedhas
Gozag
Kikubaaqudgha
Makhleb
Ru
Sif Muna
Trog
Vehumet
Zin

Shops:
D:1 !


Innate Abilities, Weirdness & Mutations

You are immune to sickness and miasma.
Your stone body is resilient. (AC +5)
You are immune to poison.
You resist negative energy. (rN+)
You are resistant to electric shocks. (rElec)
You are resistant to unholy torment.
You are immune to petrification.


Message History

Maggie mumbles some strange words.
Maggie draws you further into her thrall.
The gnoll hits you with a +0 whip. The iguana bites you.
The gnoll hits you but does no damage.
You cannot move away from Maggie!
You sock Maggie!
Maggie is almost dead.
You block the iguana's attack. The gnoll hits you but does no damage.
Maggie hits you with a +0 long sword! The gnoll hits you but does no damage.
You hit Maggie but do no damage.
Maggie is almost dead.
The iguana bites you.
The gnoll hits you but does no damage. x2
Maggie smiles, but it's obviously fake.
Maggie gestures at you while chanting.
The bolt of fire hits you but does no damage.
Maggie hits you with a +0 long sword.
* * * LOW HITPOINT WARNING * * *
The gnoll hits you but does no damage. The iguana completely misses you.
The gnoll hits you but does no damage.
As you read the scroll of teleportation, it crumbles to dust.
You feel strangely unstable. The iguana bites you.
* * * LOW HITPOINT WARNING * * *
The gnoll hits you but does no damage.
Maggie mumbles some strange words.
Maggie draws you further into her thrall.
You block the gnoll's attack.
You closely miss Maggie.
Maggie is almost dead.
The iguana bites you.
* * * LOW HITPOINT WARNING * * *
The gnoll barely misses you. Maggie hits you but does no damage.
The gnoll barely misses you.
You sock Maggie!
You are no longer entranced.
You kill Maggie!
The gnoll hits you from afar with a +0 spear.
* * * LOW HITPOINT WARNING * * *
The iguana barely misses you.
The gnoll hits you but does no damage. x2
The iguana bites you!
You die...

#.........####
#.#.#....##.. .#.#.#.
#.#..>......# .......
#.#....#.#..# .#.#.#.
#.#.#..[....#. .......
##.#.#.......#.##.#.#.#.
.....#.###...# ...g.....
##.###<#....># #g)..#
#.###.#.#..####@l#
#.#...#.#........#
#.#.###.#...####.#
##.#'###)#.### .#
.......#)#.. >#
###...)#)### ## #....))#
#....### #....#


You could see an iguana and 2 gnolls.

Vanquished Creatures
  Maggie (D:6)
  Grinder (D:4)
  Sigmund (D:3)
  An ice beast (D:5)
  A black bear (D:5)
  2 ogres
  A phantom (D:4)
  A bullfrog (D:4)
  3 scorpions
  An orc priest (D:6)
  A gnoll bouda (D:6)
  2 iguanas (D:5)
  5 orc wizards
  Robin (D:4)
  2 gnolls (D:6)
  11 adders
  A white imp (D:5)
  An ufetubus (D:4)
  3 worms
  A dart slug (D:2)
  18 orcs
  8 ball pythons
  8 endoplasms
  3 giant cockroaches
  15 goblins
  10 hobgoblins
  6 kobolds
  4 quokkas
  6 bats
  A frilled lizard (D:1)
  5 rats
125 creatures vanquished.

Vanquished Creatures (others)
  3 plants (D:1)
3 creatures vanquished.

Grand Total: 128 creatures vanquished

Notes
Turn   | Place    | Note
-------+----------+-------------------------------------------
     0 | D:1      | vineage the Gargoyle Fighter began the quest for the Orb.
     0 | D:1      | Reached XP level 1. HP: 14/14 MP: 1/1
   105 | D:1      | Reached XP level 2. HP: 19/19 MP: 2/2
   354 | D:1      | Reached XP level 3. HP: 24/24 MP: 3/3
   363 | D:1      | Found Cuinun's Distillery.
   567 | D:1      | Reached skill level 4 in Fighting
   914 | D:2      | Reached XP level 4. HP: 24/30 MP: 4/4
  1316 | D:3      | Reached XP level 5. HP: 4/34 MP: 5/5
  1475 | D:3      | Reached skill level 5 in Fighting
  1821 | D:3      | Noticed Sigmund
  1828 | D:3      | Killed Sigmund
  1829 | D:3      | Reached XP level 6. HP: 40/41 MP: 6/6
  1851 | D:3      | Reached skill level 6 in Fighting
  2105 | D:4      | Reached skill level 5 in Maces & Flails
  2108 | D:4      | Found a staircase to the Ecumenical Temple.
  2133 | Temple   | Entered the Ecumenical Temple
  2491 | D:4      | Reached XP level 7. HP: 17/47 MP: 7/7
  2773 | D:4      | Noticed Robin
  2817 | D:4      | Killed Robin
  3396 | D:4      | Reached skill level 7 in Fighting
  3699 | D:5      | Entered Level 5 of the Dungeon
  3699 | D:5      | Noticed Grinder
  3703 | D:5      | Paralysed by Grinder for 2 turns
  3729 | D:4      | Paralysed by Grinder for 5 turns
  3750 | D:4      | Paralysed by Grinder for 4 turns
  3759 | D:4      | Killed Grinder
  3760 | D:4      | Reached XP level 8. HP: 26/54 MP: 8/8
  4072 | D:5      | Reached skill level 8 in Fighting
  4293 | D:5      | Found a blossoming altar of Fedhas.
  4710 | D:5      | Found a bloodstained altar of Trog.
  5095 | D:5      | Found a broken altar of Ashenzari.
  5352 | D:6      | Reached skill level 9 in Fighting
  5581 | D:6      | Noticed Maggie
  5593 | D:6      | Killed Maggie
  5593 | D:6      | HP: 1/56 [gnoll/+0 spear[a gnoll bouda] (4)]
  5593 | D:6      | Mangled by an iguana

Illustrated notes

Levels and vault maps discovered:
D:1:      dpeg_arrival_connections, layout_loops_ring, serial_shops,
          nicolae_shop_statue_plus, serial_bayou_lagoon_b
D:2:      layout_rooms, nrook_loot_triangle
D:3:      layout_rooms, kennysheep_generic_room_15, uniq_sigmund
D:4:      layout_cave_pods, minmay_temple_entry_tees, uniq_robin
D:5:      layout_layer_cave, nicolae_overflow_hidden_temple,
          mainiacjoe_overflow_big_doors, uniq_grinder
D:6:      layout_basic, worldfamousw_hep_ancestral_shrine, serial_glass,
          glass_columns_b, glass_columns_c, feat_on_display,
          due_unseen_surprise, uniq_crazy_yiuf_cottage, uniq_maggie
Temple:   compressed_dpeg_triangle_lava_temple

Skill      XL: |  1  2  3  4  5  6  7  8 |
---------------+-------------------------+-----
Fighting       | 4 5 6 7 9 |  9.0
Maces & Flails | 3 4 5 6 7 |  7.9
Armour         | |  3.2
Shields        | |  3.2

Action                   |  1- 3 |  4- 6 |  7- 9 || total
-------------------------+-------+-------+-------++-------
Melee: Flail             |   117 |   141 |   102 ||   360
       Mace              |       |       |    96 ||    96
  Use: Scroll            |     6 |     3 |     3 ||    12
       Potion            |       |     1 |     3 ||     4
Armor: Gold dragon scale |   114 |   133 |   300 ||   547
Dodge: Dodged            |    11 |    17 |    40 ||    68
Block: Buckler           |    12 |    33 |    62 ||   107

Table legend: (Time is in decaauts)
 A = Elapsed time spent in this place.
 B = Non-inter-level travel time spent in this place.
 C = Inter-level travel time spent in this place.
 D = Time resting spent in this place.
 E = Time spent auto-exploring this place.
 F = Levels seen in this place.
 G = Mean time per level.
                   A        B        C        D        E       F      G
               +--------+--------+--------+--------+--------+-----+--------+
         Total |   5752 |   5539 |    213 |    948 |   3566 |   7 |  821.7 |
       Dungeon |   5533 |   5341 |    192 |    948 |   3376 |   6 |  922.2 |
        Temple |    218 |    197 |     21 |      0 |    190 |   1 |  218.0 |
               +--------+--------+--------+--------+--------+-----+--------+

Top non-repeatable levels by time:
     D:4: 1734 daAuts
     D:5: 1352 daAuts
     D:1: 818 daAuts
     D:3: 751 daAuts
     D:2: 534 daAuts
     D:6: 342 daAuts
  Temple: 218 daAuts
